Icehogs vs Eagles
Created - October 23, 2024 at 21:47
Goals
|
| Icehogs |
1 |
2 |
0 |
3 |
| Eagles |
0 |
2 |
3 |
5 |
|
Shots
|
| Icehogs |
8 |
11 |
9 |
28 |
| Eagles |
8 |
8 |
12 |
28 |
|
1st period
1. Icehogs , Dillon Dube 1 (Nikita Scherbak 1, Mikhail Grigorenko 2) at 18:22
Penalties :
Calle Andersson (Roc) for Tripping (Minor) at 4:26, Keaton Middleton (Col) for Hooking (Minor) at 15:23
2nd period
2. Eagles , Tyler Motte 1 (Connor Carrick 1, Matteson Iacopelli 1) at 0:10
3. Icehogs , Trevor Zegras 1 (Zach Whitecloud 1, Hudson Fasching 1) at 4:36
4. Eagles , Zach Aston-Reese 2 (Matthew Phillips 1) at 5:27
5. Icehogs , Gabriel Fortier 1 (JJ. Piccinich 1, Patrick Sieloff 1) at 8:10
Penalties :
Patrick Sieloff (Roc) for High sticking (Minor) at 0:13, Jonathan Racine (Col) for Slashing (Minor) at 10:13
3rd period
6. Eagles , Zach Aston-Reese 3 (Michael Dal Colle 1, Kevin Bahl 1) at 4:58
7. Eagles , Jared McCann 1 (Matteson Iacopelli 2, Mattias Samuelsson 1) at 8:01
8. Eagles , Jonathan Racine 1 (Jack Hughes 1, Jared McCann 1) at 12:30
Penalties :
Matteson Iacopelli (Col) for Tripping (Minor) at 0:18
Goalie Stats
Mackenzie Blackwood (Roc), 23 saves from 28 shots - (0.821), L, 0-2-0, 60:00 minutes
Adin Hill (Col), 25 saves from 28 shots - (0.893), W, 1-1-0, 60:00 minutes
Players Stats for Icehogs
Player Name G A P +/- PIM S H SB GA TA FO MP PP MP PK MP
------------------------------------------------------------------------------------
Andrew Poturalski 0 0 0 -2 0 1 1 1 1 1 4/5 14:18 0:00 1:01
Calle Andersson 0 0 0 -1 2 1 0 1 0 0 0/0 19:17 2:33 1:06
Clark Bishop 0 0 0 0 0 0 0 0 0 0 1/3 1:02 0:59 0:00
Declan Chisholm 0 0 0 0 0 0 0 0 0 0 0/0 12:37 0:00 0:39
Dillon Dube 1 0 1 1 0 4 2 1 2 0 11/20 18:55 2:57 2:24
Gabriel Fortier 1 0 1 -2 0 3 1 0 0 0 0/0 13:55 0:21 0:11
Hudson Fasching 0 1 1 -1 0 2 0 0 0 2 0/1 19:02 2:18 0:00
Jeremy Davies 0 0 0 -1 0 3 2 1 0 0 0/0 18:42 2:33 0:47
JJ. Piccinich 0 1 1 -2 0 2 0 0 0 1 2/3 14:17 0:44 0:00
Julius Honka 0 0 0 -1 0 1 1 1 0 1 0/0 28:46 3:24 2:32
Maxim Letunov 0 0 0 0 0 1 0 0 0 0 0/1 6:26 0:00 0:00
Mikhail Grigorenko 0 1 1 -1 0 3 3 0 0 3 0/0 24:59 2:23 2:23
Mitchell Chaffee 0 0 0 0 0 0 0 0 0 0 0/1 5:29 0:00 0:00
Nikita Scherbak 0 1 1 1 0 3 1 1 1 0 0/0 18:17 3:05 0:30
Patrick Sieloff 0 1 1 -1 2 2 1 0 0 2 0/0 27:56 3:24 1:22
Ross Johnston 0 0 0 1 0 0 3 0 1 0 0/2 19:13 3:03 1:24
Trevor Zegras 1 0 1 -1 0 2 1 0 2 2 13/25 19:21 2:01 0:03
Zach Whitecloud 0 1 1 0 0 0 2 0 0 1 0/0 13:28 0:00 1:30
Players Stats for Eagles
Player Name G A P +/- PIM S H SB GA TA FO MP PP MP PK MP
------------------------------------------------------------------------------------
Brett Leason 0 0 0 1 0 0 0 0 0 1 0/0 8:21 0:00 0:00
Connor Carrick 0 1 1 1 0 4 1 1 1 1 0/0 21:42 0:00 3:51
Gabriel Vilardi 0 0 0 1 0 3 2 0 1 1 0/0 18:03 1:59 0:24
Jack Dougherty 0 0 0 0 0 0 3 3 1 1 0/0 22:00 2:12 2:06
Jack Hughes 0 1 1 1 0 2 1 0 1 0 10/19 18:57 1:59 1:02
Jared McCann 1 1 2 0 0 2 1 1 0 0 15/32 20:18 1:59 3:16
Jonathan Racine 1 0 1 1 2 2 0 1 2 0 0/0 17:12 1:46 0:50
Keaton Middleton 0 0 0 1 2 0 3 1 1 1 0/0 22:09 2:12 2:36
Kevin Bahl 0 1 1 1 0 0 0 0 0 0 0/0 15:53 0:00 0:25
Matteson Iacopelli 0 2 2 0 2 3 1 0 0 1 0/1 15:15 0:00 0:00
Matthew Phillips 0 1 1 0 0 2 0 1 0 0 0/0 12:31 1:59 0:00
Mattias Samuelsson 0 1 1 0 0 0 1 2 0 0 0/0 21:18 1:46 2:06
Michael Carcone 0 0 0 1 0 3 2 0 1 0 0/0 19:31 1:59 1:13
Michael Dal Colle 0 1 1 1 0 0 0 0 2 1 0/0 10:01 0:00 1:40
Pius Suter 0 0 0 0 0 1 0 0 1 0 0/1 12:31 1:59 0:00
Sam Steel 0 0 0 0 0 2 2 0 2 0 3/5 10:56 0:00 0:24
Tyler Motte 1 0 1 0 0 1 0 2 0 0 1/1 18:13 0:00 3:20
Zach Aston-Reese 2 0 2 1 0 3 1 1 0 0 1/2 9:09 0:00 0:35
3 Stars
1 - Zach Aston-Reese (Col)
2 - Jared McCann (Col)
3 - Dillon Dube (Roc)
Power Play
Icehogs - 0 on 3 Attempt(s) - 0.00%
Eagles - 0 on 2 Attempt(s) - 0.00%
Penalty Kill
Icehogs - 2 on 2 Attempt(s) - 100.00%
- Score 0 goal in Penalty Kill
Eagles - 3 on 3 Attempt(s) - 100.00%
- Score 0 goal in Penalty Kill
Team Stat
Icehogs - Hits : 18 - Faceoff Wins : 31 - Blocked Shots : 6 - Penalty Minutes : 4
Eagles - Hits : 18 - Faceoff Wins : 30 - Blocked Shots : 13 - Penalty Minutes : 6
Official
Referees : Kendrick Nicholson and Chris Lee
Linesman : Bevan Mills and Trent Knorr
Game Notes
No Game Note
Finance
Level 1 -- Attendance: 1982 (99.10%) -- Ticket Income $138,740
Level 2 -- Attendance: 921 (92.10%) -- Ticket Income $36,840
Total Attendance: 2903 (96.77%)
Total Ticket Income: $175,580
Other Income: $8,779
Total Income: $184,359
Icehogs
5 vs 5 Forward
Center Left Wing Right Wing Time % Phy DF OF
1 Trevor Zegras Mikhail Grigorenko Hudson Fasching 40 1 2 2
2 Dillon Dube Ross Johnston Nikita Scherbak 30 1 2 2
3 Andrew Poturalski Gabriel Fortier JJ. Piccinich 20 1 2 2
4 Maxim Letunov Mikhail Grigorenko Mitchell Chaffee 10 1 2 2
5 vs 5 Defense
Defense Defense Time % Phy DF OF
1 Patrick Sieloff Julius Honka 40 1 2 2
2 Jeremy Davies Calle Andersson 30 1 2 2
3 Zach Whitecloud Declan Chisholm 20 1 2 2
4 Patrick Sieloff Julius Honka 10 1 2 2
PowerPlay Forward
Center Left Wing Right Wing Time % Phy DF OF
1 Dillon Dube Mikhail Grigorenko Hudson Fasching 60 1 2 2
2 Trevor Zegras Ross Johnston Nikita Scherbak 40 1 2 2
PowerPlay Defense
Defense Defense Time % Phy DF OF
1 Patrick Sieloff Julius Honka 60 1 2 2
2 Jeremy Davies Calle Andersson 40 1 2 2
Penalty Kill 4 Players Forward
Center Wing Time % Phy DF OF
1 Dillon Dube Mikhail Grigorenko 60 1 2 2
2 Andrew Poturalski Ross Johnston 40 1 2 2
Penalty Kill 4 Players Defense
Defense Defense Time % Phy DF OF
1 Patrick Sieloff Julius Honka 60 1 2 2
2 Jeremy Davies Calle Andersson 40 1 2 2
Penalty Kill - 3 Players Forward
Forward Time % Phy DF OF
1 Dillon Dube 60 1 2 2
2 Andrew Poturalski 40 1 2 2
Penalty Kill - 3 Players Defense
Defense Defense Time % Phy DF OF
1 Patrick Sieloff Julius Honka 60 1 2 2
2 Jeremy Davies Calle Andersson 40 1 2 2
4 vs 4 Forward
Center Wing Time % Phy DF OF
1 Dillon Dube Mikhail Grigorenko 60 1 2 2
2 Andrew Poturalski Ross Johnston 40 1 2 2
4 vs 4 Defense
Defense Defense Time % Phy DF OF
1 Patrick Sieloff Julius Honka 60 1 2 2
2 Jeremy Davies Calle Andersson 40 1 2 2
Last Minutes Offensive
Center Left Wing Right Wing Defense Defense
Dillon Dube Mikhail Grigorenko Hudson Fasching Patrick Sieloff Julius Honka
Last Minutes Defensive
Center Left Wing Right Wing Defense Defense
Dillon Dube Mikhail Grigorenko Hudson Fasching Patrick Sieloff Julius Honka
Goaltenders
Starting : Mackenzie Blackwood
Backup : Oscar Dansk
Extra Forwards
Normal : Nikita Scherbak, Trevor Zegras, Maxim Letunov - PP : Nikita Scherbak, Trevor Zegras - PK : Nikita Scherbak
Extra Defensemen
Normal : Calle Andersson, Zach Whitecloud, Declan Chisholm - PP : Calle Andersson - PK : Calle Andersson, Zach Whitecloud
Penalty Shots
Mikhail Grigorenko, Hudson Fasching, Dillon Dube, Andrew Poturalski, Nikita Scherbak
Custom OT Lines Forwards
Mikhail Grigorenko, Hudson Fasching, Dillon Dube, Andrew Poturalski, Nikita Scherbak, Trevor Zegras, Maxim Letunov, Ross Johnston, Clark Bishop, JJ. Piccinich
Custom OT Lines Defensemen
Patrick Sieloff, Julius Honka, Jeremy Davies, Calle Andersson, Zach Whitecloud
Scratches
Kristian Reichel (Healthy), Jackson Cates (Healthy), Antoine Morand (Healthy), Egor Afanasyev (Healthy), Petr Kvaca (Healthy)
Eagles
5 vs 5 Forward
Center Left Wing Right Wing Time % Phy DF OF
1 Jack Hughes Michael Carcone Gabriel Vilardi 36 1 1 3
2 Jared McCann Tyler Motte Matteson Iacopelli 33 1 1 3
3 Sam Steel Pius Suter Matthew Phillips 21 1 2 2
4 Zach Aston-Reese Michael Dal Colle Brett Leason 10 1 2 2
5 vs 5 Defense
Defense Defense Time % Phy DF OF
1 Connor Carrick Keaton Middleton 35 1 2 2
2 Jack Dougherty Mattias Samuelsson 35 1 2 2
3 Kevin Bahl Jonathan Racine 30 1 3 1
4 Connor Carrick Jack Dougherty 0 0 5 0
PowerPlay Forward
Center Left Wing Right Wing Time % Phy DF OF
1 Jared McCann Michael Carcone Gabriel Vilardi 50 1 1 3
2 Jack Hughes Pius Suter Matthew Phillips 50 1 1 3
PowerPlay Defense
Defense Defense Time % Phy DF OF
1 Jack Dougherty Keaton Middleton 55 1 1 3
2 Jonathan Racine Mattias Samuelsson 45 1 1 3
Penalty Kill 4 Players Forward
Center Wing Time % Phy DF OF
1 Jared McCann Tyler Motte 65 1 3 1
2 Sam Steel Gabriel Vilardi 35 1 3 1
Penalty Kill 4 Players Defense
Defense Defense Time % Phy DF OF
1 Keaton Middleton Connor Carrick 65 1 3 1
2 Jack Dougherty Mattias Samuelsson 35 1 3 1
Penalty Kill - 3 Players Forward
Forward Time % Phy DF OF
1 Jared McCann 65 1 4 0
2 Tyler Motte 35 1 4 0
Penalty Kill - 3 Players Defense
Defense Defense Time % Phy DF OF
1 Keaton Middleton Connor Carrick 70 1 4 0
2 Jack Dougherty Mattias Samuelsson 30 1 4 0
4 vs 4 Forward
Center Wing Time % Phy DF OF
1 Jared McCann Michael Carcone 50 1 2 2
2 Jack Hughes Gabriel Vilardi 50 1 2 2
4 vs 4 Defense
Defense Defense Time % Phy DF OF
1 Connor Carrick Jack Dougherty 50 1 2 2
2 Keaton Middleton Jonathan Racine 50 1 2 2
Last Minutes Offensive
Center Left Wing Right Wing Defense Defense
Jack Hughes Michael Carcone Gabriel Vilardi Jack Dougherty Keaton Middleton
Last Minutes Defensive
Center Left Wing Right Wing Defense Defense
Jared McCann Tyler Motte Gabriel Vilardi Connor Carrick Keaton Middleton
Goaltenders
Starting : Adin Hill
Backup : Daniel Altshuller
Extra Forwards
Normal : Zach Aston-Reese, Brett Leason, Michael Dal Colle - PP : Zach Aston-Reese, Brett Leason - PK : Michael Carcone
Extra Defensemen
Normal : Kevin Bahl, Jonathan Racine, Mattias Samuelsson - PP : Connor Carrick - PK : Jonathan Racine, Kevin Bahl
Penalty Shots
Jack Hughes, Gabriel Vilardi, Jared McCann, Pius Suter, Brett Leason
Custom OT Lines Forwards
Jared McCann, Michael Carcone, Zach Aston-Reese, Tyler Motte, Gabriel Vilardi, Sam Steel, Jack Hughes, Matteson Iacopelli, Pius Suter, Michael Dal Colle
Custom OT Lines Defensemen
Connor Carrick, Jack Dougherty, Keaton Middleton, Jonathan Racine, Mattias Samuelsson
Scratches
Chris Calhan (Healthy), Dominik Kubalik (Healthy), Mark Friedman (Healthy), Tyler Tucker (Healthy), Xavier Ouellet (Healthy)
Alexander Nylander (Healthy), Max Lajoie (Healthy), Pascal Laberge (Healthy), Marian Studenic (Healthy), Ilya Nikolaev (Healthy)
Santeri Hatakka (Healthy), Jacob Leguerrier (Healthy), Elmer Soderblom (Healthy), Zachary Emond (Healthy), Linus Ullmark (Healthy)
Hugo Alnefelt (Healthy)
% Time on Ice - Icehogs
Lines # - Real PCT - Wanted PCT - Time Play
Normal Forward
1 - 36% - 40% - 17:48
2 - 27% - 30% - 13:31
3 - 27% - 20% - 13:17
4 - 11% - 10% - 5:29
Normal Defense
1 - 40% - 40% - 20:06
2 - 31% - 30% - 15:22
3 - 24% - 20% - 11:51
4 - 6% - 10% - 2:46
PP Forward
1 - 53% - 60% - 3:08
2 - 47% - 40% - 2:49
PP Defense
1 - 57% - 60% - 3:24
2 - 43% - 40% - 2:33
PK Forward
1 - 74% - 60% - 2:57
2 - 26% - 40% - 1:01
PK Defense
1 - 80% - 60% - 3:11
2 - 20% - 40% - 0:47
PK3 Forward
1 - 0% - 60%
2 - 0% - 40%
PK3 Defense
1 - 0% - 60%
2 - 0% - 40%
44 Forward
1 - 0% - 60%
2 - 0% - 40%
44 Defense
1 - 0% - 60%
2 - 0% - 40%
Last Minute Offensive - 0:00
Last Minute Defensive - 0:00
Total
Forward - 60:00
Defense - 60:00
|
% Time on Ice - Eagles
Lines # - Real PCT - Wanted PCT - Time Play
Normal Forward
1 - 33% - 36% - 16:19
2 - 30% - 33% - 15:04
3 - 21% - 21% - 10:32
4 - 16% - 10% - 8:10
Normal Defense
1 - 35% - 35% - 17:22
2 - 35% - 35% - 17:26
3 - 29% - 30% - 14:37
4 - 1% - 0% - 0:40
PP Forward
1 - 50% - 50% - 1:59
2 - 50% - 50% - 1:59
PP Defense
1 - 55% - 55% - 2:12
2 - 45% - 45% - 1:46
PK Forward
1 - 93% - 65% - 5:33
2 - 7% - 35% - 0:24
PK Defense
1 - 65% - 65% - 3:51
2 - 35% - 35% - 2:06
PK3 Forward
1 - 0% - 65%
2 - 0% - 35%
PK3 Defense
1 - 0% - 70%
2 - 0% - 30%
44 Forward
1 - 0% - 50%
2 - 0% - 50%
44 Defense
1 - 0% - 50%
2 - 0% - 50%
Last Minute Offensive - 0:00
Last Minute Defensive - 0:00
Total
Forward - 60:00
Defense - 60:00
|
Play-by-Play
1st period
0:01 of 1st period - Jack Hughes wins face-off versus Trevor Zegras in neutral zone.
0:10 of 1st period - Snap shot by Michael Carcone.
0:10 of 1st period - Stopped by Mackenzie Blackwood without a rebound.
0:11 of 1st period - Dillon Dube wins face-off versus Jared McCann in Icehogs zone.
1:05 of 1st period - Wrist shot by Maxim Letunov.
1:05 of 1st period - Stopped by Adin Hill with a rebound.
1:07 of 1st period - Backhand shot by Mitchell Chaffee.
1:07 of 1st period - Shot Misses the Net.
1:09 of 1st period - Wrist shot by Maxim Letunov.
1:09 of 1st period - Shot Blocked by Jack Dougherty.
1:33 of 1st period - Snap shot by Dillon Dube.
1:33 of 1st period - Shot Blocked by Zach Aston-Reese.
1:35 of 1st period - Wrist shot by Dillon Dube.
1:35 of 1st period - Stopped by Adin Hill without a rebound.
1:36 of 1st period - Andrew Poturalski wins face-off versus Zach Aston-Reese in Eagles zone.
2:51 of 1st period - Snap shot by Connor Carrick.
2:51 of 1st period - Stopped by Mackenzie Blackwood with a rebound.
2:53 of 1st period - Slapshot by Connor Carrick.
2:53 of 1st period - Stopped by Mackenzie Blackwood without a rebound.
2:54 of 1st period - Trevor Zegras wins face-off versus Jack Hughes in Icehogs zone.
3:08 of 1st period - Slapshot by Michael Carcone.
3:08 of 1st period - Stopped by Mackenzie Blackwood without a rebound.
3:09 of 1st period - Jared McCann wins face-off versus Dillon Dube in Icehogs zone.
3:33 of 1st period - Icing by Nikita Scherbak.
3:34 of 1st period - Jack Hughes wins face-off versus Trevor Zegras in Icehogs zone.
3:39 of 1st period - Snap shot by Hudson Fasching.
3:39 of 1st period - Deflect By Connor Carrick.
3:39 of 1st period - Stopped by Adin Hill without a rebound.
3:40 of 1st period - Trevor Zegras wins face-off versus Jared McCann in Eagles zone.
4:11 of 1st period - Icing by Gabriel Vilardi.
4:12 of 1st period - Jack Hughes wins face-off versus Dillon Dube in Eagles zone.
4:26 of 1st period - Minor Penalty to Calle Andersson for Tripping.
4:27 of 1st period - Jared McCann wins face-off versus Dillon Dube in Icehogs zone.
4:37 of 1st period - Slapshot by Mikhail Grigorenko.
4:37 of 1st period - Stopped by Adin Hill without a rebound.
4:38 of 1st period - Dillon Dube wins face-off versus Pius Suter in Eagles zone.
4:45 of 1st period - Snap shot by Mikhail Grigorenko.
4:45 of 1st period - Deflect By Dillon Dube.
4:45 of 1st period - Stopped by Adin Hill without a rebound.
4:46 of 1st period - Jack Hughes wins face-off versus Dillon Dube in Eagles zone.
5:01 of 1st period - Slapshot by Jack Hughes.
5:01 of 1st period - Deflect By Pius Suter.
5:01 of 1st period - Shot Blocked by Julius Honka.
5:01 of 1st period - Puck is out of play.
5:02 of 1st period - Jared McCann wins face-off versus Dillon Dube in Icehogs zone.
6:26 of 1st period - Penalty to Calle Andersson is over, Calle Andersson is back on ice.
6:33 of 1st period - Slapshot by Connor Carrick.
6:33 of 1st period - Shot Misses the Net.
7:15 of 1st period - Slapshot by Hudson Fasching.
7:15 of 1st period - Shot Blocked by Matthew Phillips.
7:33 of 1st period - Kevin Bahl is hit by Zach Whitecloud and loses puck.
8:04 of 1st period - Jeremy Davies is hit by Sam Steel and loses puck.
8:29 of 1st period - Mikhail Grigorenko is hit by Connor Carrick and loses puck.
9:08 of 1st period - Off-side.
9:09 of 1st period - Andrew Poturalski wins face-off versus Jared McCann in neutral zone.
9:54 of 1st period - Snap shot by Sam Steel.
9:54 of 1st period - Deflect By Pius Suter.
9:54 of 1st period - Shot Blocked by Calle Andersson.
9:54 of 1st period - Puck is out of play.
9:55 of 1st period - JJ. Piccinich wins face-off versus Sam Steel in Icehogs zone.
10:21 of 1st period - Michael Carcone is hit by Dillon Dube and loses puck.
10:42 of 1st period - Snap shot by Mikhail Grigorenko.
10:42 of 1st period - Stopped by Adin Hill without a rebound.
10:43 of 1st period - Jared McCann wins face-off versus Maxim Letunov in Eagles zone.
11:12 of 1st period - Wrist shot by Jack Hughes.
11:12 of 1st period - Shot Misses the Net.
11:14 of 1st period - Slapshot by Jonathan Racine.
11:14 of 1st period - Stopped by Mackenzie Blackwood with a rebound.
11:16 of 1st period - Snap shot by Gabriel Vilardi.
11:16 of 1st period - Shot Blocked by Dillon Dube.
11:18 of 1st period - Slapshot by Michael Carcone.
11:18 of 1st period - Stopped by Mackenzie Blackwood without a rebound.
11:19 of 1st period - Trevor Zegras wins face-off versus Jack Hughes in Icehogs zone.
11:19 of 1st period - Trevor Zegras is hit by Jack Dougherty.
11:25 of 1st period - Gabriel Vilardi is hit by Trevor Zegras.
11:45 of 1st period - Patrick Sieloff is hit by Mattias Samuelsson.
11:51 of 1st period - Snap shot by Dillon Dube.
11:51 of 1st period - Shot Misses the Net.
12:31 of 1st period - Wrist shot by Mikhail Grigorenko.
12:31 of 1st period - Stopped by Adin Hill with a rebound.
12:45 of 1st period - Michael Carcone is hit by Ross Johnston and loses puck.
13:49 of 1st period - Snap shot by Matthew Phillips.
13:49 of 1st period - Stopped by Mackenzie Blackwood with a rebound.
13:55 of 1st period - Snap shot by Sam Steel.
13:55 of 1st period - Stopped by Mackenzie Blackwood with a rebound.
14:46 of 1st period - Zach Whitecloud is hit by Jack Dougherty and loses puck.
15:23 of 1st period - Minor Penalty to Keaton Middleton for Hooking.
15:24 of 1st period - Dillon Dube wins face-off versus Jared McCann in Eagles zone.
15:27 of 1st period - Wrist shot by Hudson Fasching.
15:27 of 1st period - Shot Blocked by Jonathan Racine.
17:23 of 1st period - Penalty to Keaton Middleton is over, Keaton Middleton is back on ice.
17:38 of 1st period - Icing by Calle Andersson.
17:39 of 1st period - Andrew Poturalski wins face-off versus Sam Steel in Icehogs zone.
18:10 of 1st period - Wrist shot by Mikhail Grigorenko.
18:10 of 1st period - Shot Misses the Net.
18:22 of 1st period - Wrist shot by Dillon Dube.
18:22 of 1st period - Goal by Dillon Dube - Icehogs : 1 - Eagles : 0.
18:23 of 1st period - Trevor Zegras wins face-off versus Jack Hughes in neutral zone.
18:34 of 1st period - Snap shot by Jack Hughes.
18:34 of 1st period - Deflect By Gabriel Vilardi.
18:34 of 1st period - Shot Misses the Net.
18:34 of 1st period - Puck is out of play.
18:35 of 1st period - Jack Hughes wins face-off versus Trevor Zegras in Icehogs zone.
19:00 of 1st period - Nikita Scherbak is hit by Keaton Middleton and loses puck.
Goals for this period are 1 for Icehogs vs 0 for Eagles.
Shots for this period are 8 for Icehogs vs 8 for Eagles.
2nd period
0:01 of 2nd period - Jared McCann wins face-off versus Trevor Zegras in neutral zone.
0:10 of 2nd period - Snap shot by Tyler Motte.
0:10 of 2nd period - Goal by Tyler Motte - Icehogs : 1 - Eagles : 1.
0:11 of 2nd period - Trevor Zegras wins face-off versus Jack Hughes in neutral zone.
0:13 of 2nd period - Minor Penalty to Patrick Sieloff for High sticking.
0:14 of 2nd period - Jack Hughes wins face-off versus Dillon Dube in Icehogs zone.
1:05 of 2nd period - Zach Whitecloud is hit by Keaton Middleton and loses puck.
2:13 of 2nd period - Penalty to Patrick Sieloff is over, Patrick Sieloff is back on ice.
2:42 of 2nd period - Tyler Motte is hit by Julius Honka and loses puck.
3:11 of 2nd period - Mattias Samuelsson is hit by Zach Whitecloud and loses puck.
3:24 of 2nd period - Andrew Poturalski is hit by Jack Dougherty and loses puck.
3:52 of 2nd period - Off-side.
3:53 of 2nd period - Zach Aston-Reese wins face-off versus Mitchell Chaffee in neutral zone.
3:55 of 2nd period - Off-side.
3:56 of 2nd period - Dillon Dube wins face-off versus Jack Hughes in neutral zone.
3:56 of 2nd period - Dillon Dube is hit by Keaton Middleton.
4:26 of 2nd period - Slapshot by Connor Carrick.
4:26 of 2nd period - Stopped by Mackenzie Blackwood without a rebound.
4:27 of 2nd period - Trevor Zegras wins face-off versus Jared McCann in Icehogs zone.
4:32 of 2nd period - Snap shot by Hudson Fasching.
4:32 of 2nd period - Shot Blocked by Mattias Samuelsson.
4:34 of 2nd period - Wrist shot by Trevor Zegras.
4:34 of 2nd period - Shot Blocked by Jack Dougherty.
4:36 of 2nd period - Snap shot by Zach Whitecloud.
4:36 of 2nd period - Deflect By Trevor Zegras.
4:36 of 2nd period - Goal by Trevor Zegras - Icehogs : 2 - Eagles : 1.
4:37 of 2nd period - Jack Hughes wins face-off versus Trevor Zegras in neutral zone.
4:44 of 2nd period - Patrick Sieloff is hit by Michael Carcone and loses puck.
4:53 of 2nd period - Jack Hughes is hit by Mikhail Grigorenko and loses puck.
5:27 of 2nd period - Wrist shot by Zach Aston-Reese.
5:27 of 2nd period - Goal by Zach Aston-Reese - Icehogs : 2 - Eagles : 2.
5:28 of 2nd period - Jack Hughes wins face-off versus Hudson Fasching in neutral zone.
5:35 of 2nd period - Slapshot by Gabriel Vilardi.
5:35 of 2nd period - Stopped by Mackenzie Blackwood with a rebound.
5:37 of 2nd period - Wrist shot by Gabriel Vilardi.
5:37 of 2nd period - Stopped by Mackenzie Blackwood with a rebound.
5:39 of 2nd period - Slapshot by Connor Carrick.
5:39 of 2nd period - Deflect By Mikhail Grigorenko.
5:39 of 2nd period - Stopped by Mackenzie Blackwood with a rebound.
5:43 of 2nd period - Wrist shot by Gabriel Vilardi.
5:43 of 2nd period - Stopped by Mackenzie Blackwood without a rebound.
5:44 of 2nd period - Dillon Dube wins face-off versus Jared McCann in Icehogs zone.
5:59 of 2nd period - Snap shot by Tyler Motte.
5:59 of 2nd period - Shot Misses the Net.
6:15 of 2nd period - Wrist shot by Trevor Zegras.
6:15 of 2nd period - Stopped by Adin Hill without a rebound.
6:16 of 2nd period - Jack Hughes wins face-off versus Trevor Zegras in Eagles zone.
6:43 of 2nd period - Tyler Motte is hit by Dillon Dube and loses puck.
7:09 of 2nd period - Pius Suter is hit by Andrew Poturalski.
7:35 of 2nd period - Michael Carcone is hit by Mikhail Grigorenko and loses puck.
7:56 of 2nd period - Snap shot by Jeremy Davies.
7:56 of 2nd period - Stopped by Adin Hill without a rebound.
7:57 of 2nd period - Andrew Poturalski wins face-off versus Jared McCann in Eagles zone.
7:58 of 2nd period - Snap shot by Gabriel Fortier.
7:58 of 2nd period - Shot Hit the Post.
8:00 of 2nd period - Wrist shot by Andrew Poturalski.
8:00 of 2nd period - Stopped by Adin Hill with a rebound.
8:06 of 2nd period - Slapshot by Gabriel Fortier.
8:06 of 2nd period - Shot Blocked by Tyler Motte.
8:08 of 2nd period - Snap shot by JJ. Piccinich.
8:08 of 2nd period - Stopped by Adin Hill with a rebound.
8:10 of 2nd period - Snap shot by Gabriel Fortier.
8:10 of 2nd period - Goal by Gabriel Fortier - Icehogs : 3 - Eagles : 2.
8:11 of 2nd period - Trevor Zegras wins face-off versus Jack Hughes in neutral zone.
8:11 of 2nd period - Hudson Fasching is hit by Jack Hughes and loses puck.
10:13 of 2nd period - Minor Penalty to Jonathan Racine for Slashing.
10:14 of 2nd period - Clark Bishop wins face-off versus Jared McCann in Eagles zone.
10:20 of 2nd period - Snap shot by Nikita Scherbak.
10:20 of 2nd period - Stopped by Adin Hill without a rebound.
10:21 of 2nd period - Jared McCann wins face-off versus Clark Bishop in Eagles zone.
10:44 of 2nd period - Slapshot by Jeremy Davies.
10:44 of 2nd period - Shot Blocked by Jared McCann.
10:46 of 2nd period - Snap shot by Nikita Scherbak.
10:46 of 2nd period - Shot Blocked by Connor Carrick.
10:48 of 2nd period - Slapshot by Calle Andersson.
10:48 of 2nd period - Deflect By Connor Carrick.
10:48 of 2nd period - Stopped by Adin Hill without a rebound.
10:49 of 2nd period - Jared McCann wins face-off versus Clark Bishop in Eagles zone.
12:01 of 2nd period - Michael Dal Colle is hit by Patrick Sieloff and loses puck.
12:13 of 2nd period - Penalty to Jonathan Racine is over, Jonathan Racine is back on ice.
12:30 of 2nd period - Jonathan Racine is hit by Gabriel Fortier and loses puck.
14:01 of 2nd period - Patrick Sieloff is hit by Gabriel Vilardi and loses puck.
16:13 of 2nd period - Calle Andersson is hit by Zach Aston-Reese and loses puck.
16:46 of 2nd period - Icing by Julius Honka.
16:47 of 2nd period - Jared McCann wins face-off versus Ross Johnston in Icehogs zone.
17:06 of 2nd period - Snap shot by Gabriel Fortier.
17:06 of 2nd period - Deflect By JJ. Piccinich.
17:06 of 2nd period - Stopped by Adin Hill without a rebound.
17:07 of 2nd period - Sam Steel wins face-off versus Trevor Zegras in Eagles zone.
17:18 of 2nd period - Wrist shot by Matthew Phillips.
17:18 of 2nd period - Shot Misses the Net.
17:20 of 2nd period - Snap shot by Pius Suter.
17:20 of 2nd period - Shot Misses the Net.
17:22 of 2nd period - Snap shot by Pius Suter.
17:22 of 2nd period - Shot Blocked by Jeremy Davies.
17:24 of 2nd period - Slapshot by Jonathan Racine.
17:24 of 2nd period - Deflect By Pius Suter.
17:24 of 2nd period - Shot Misses the Net.
17:24 of 2nd period - Puck is out of play.
17:25 of 2nd period - Tyler Motte wins face-off versus Andrew Poturalski in Icehogs zone.
17:54 of 2nd period - Off-side.
17:55 of 2nd period - Dillon Dube wins face-off versus Jack Hughes in neutral zone.
18:00 of 2nd period - Snap shot by Nikita Scherbak.
18:00 of 2nd period - Stopped by Adin Hill without a rebound.
18:01 of 2nd period - Jack Hughes wins face-off versus Trevor Zegras in Eagles zone.
18:26 of 2nd period - Patrick Sieloff is hit by Jared McCann and loses puck.
18:33 of 2nd period - Snap shot by Matteson Iacopelli.
18:33 of 2nd period - Stopped by Mackenzie Blackwood with a rebound.
18:42 of 2nd period - Jared McCann is hit by Nikita Scherbak and loses puck.
19:03 of 2nd period - Wrist shot by Gabriel Fortier.
19:03 of 2nd period - Stopped by Adin Hill without a rebound.
19:04 of 2nd period - Trevor Zegras wins face-off versus Jack Hughes in Eagles zone.
Goals for this period are 2 for Icehogs vs 2 for Eagles.
Shots for this period are 11 for Icehogs vs 8 for Eagles.
3rd period
0:01 of 3rd period - Jared McCann wins face-off versus Trevor Zegras in neutral zone.
0:06 of 3rd period - Snap shot by Mikhail Grigorenko.
0:06 of 3rd period - Shot Blocked by Mattias Samuelsson.
0:08 of 3rd period - Slapshot by Patrick Sieloff.
0:08 of 3rd period - Deflect By Tyler Motte.
0:08 of 3rd period - Stopped by Adin Hill without a rebound.
0:09 of 3rd period - Trevor Zegras wins face-off versus Jared McCann in Eagles zone.
0:18 of 3rd period - Minor Penalty to Matteson Iacopelli for Tripping.
0:19 of 3rd period - Dillon Dube wins face-off versus Jared McCann in Eagles zone.
0:22 of 3rd period - Snap shot by Hudson Fasching.
0:22 of 3rd period - Shot Misses the Net.
0:24 of 3rd period - Wrist shot by Dillon Dube.
0:24 of 3rd period - Shot Misses the Net.
0:26 of 3rd period - Slapshot by Patrick Sieloff.
0:26 of 3rd period - Deflect By Connor Carrick.
0:26 of 3rd period - Stopped by Adin Hill without a rebound.
0:27 of 3rd period - Dillon Dube wins face-off versus Jared McCann in Eagles zone.
2:18 of 3rd period - Penalty to Matteson Iacopelli is over, Matteson Iacopelli is back on ice.
2:26 of 3rd period - Slapshot by Julius Honka.
2:26 of 3rd period - Stopped by Adin Hill with a rebound.
2:28 of 3rd period - Snap shot by JJ. Piccinich.
2:28 of 3rd period - Shot Misses the Net.
2:30 of 3rd period - Snap shot by JJ. Piccinich.
2:30 of 3rd period - Shot Misses the Net.
3:13 of 3rd period - Wrist shot by Zach Aston-Reese.
3:13 of 3rd period - Shot Misses the Net.
3:16 of 3rd period - Icing by Ross Johnston.
3:17 of 3rd period - Sam Steel wins face-off versus Dillon Dube in Icehogs zone.
3:38 of 3rd period - Slapshot by Zach Aston-Reese.
3:38 of 3rd period - Stopped by Mackenzie Blackwood with a rebound.
3:40 of 3rd period - Snap shot by Michael Dal Colle.
3:40 of 3rd period - Shot Blocked by Andrew Poturalski.
4:37 of 3rd period - Gabriel Fortier is hit by Sam Steel and loses puck.
4:58 of 3rd period - Snap shot by Zach Aston-Reese.
4:58 of 3rd period - Goal by Zach Aston-Reese - Icehogs : 3 - Eagles : 3.
4:59 of 3rd period - Jared McCann wins face-off versus Trevor Zegras in neutral zone.
5:24 of 3rd period - Jack Hughes is hit by Ross Johnston and loses puck.
6:30 of 3rd period - Wrist shot by Jared McCann.
6:30 of 3rd period - Shot Blocked by Nikita Scherbak.
6:32 of 3rd period - Wrist shot by Matteson Iacopelli.
6:32 of 3rd period - Stopped by Mackenzie Blackwood without a rebound.
6:33 of 3rd period - Jared McCann wins face-off versus Dillon Dube in Icehogs zone.
6:42 of 3rd period - Slapshot by Dillon Dube.
6:42 of 3rd period - Stopped by Adin Hill without a rebound.
6:43 of 3rd period - Jared McCann wins face-off versus Trevor Zegras in Eagles zone.
6:43 of 3rd period - Jared McCann is hit by Jeremy Davies.
7:59 of 3rd period - Wrist shot by Matteson Iacopelli.
7:59 of 3rd period - Stopped by Mackenzie Blackwood with a rebound.
8:01 of 3rd period - Slapshot by Jared McCann.
8:01 of 3rd period - Goal by Jared McCann - Icehogs : 3 - Eagles : 4.
8:02 of 3rd period - Trevor Zegras wins face-off versus Jared McCann in neutral zone.
8:54 of 3rd period - Michael Dal Colle is hit by Mikhail Grigorenko.
9:12 of 3rd period - Nikita Scherbak is hit by Michael Carcone.
9:22 of 3rd period - Snap shot by Jack Hughes.
9:22 of 3rd period - Stopped by Mackenzie Blackwood without a rebound.
9:23 of 3rd period - Jared McCann wins face-off versus JJ. Piccinich in Icehogs zone.
9:28 of 3rd period - Snap shot by Matteson Iacopelli.
9:28 of 3rd period - Shot Misses the Net.
11:51 of 3rd period - Michael Dal Colle is hit by Jeremy Davies and loses puck.
12:28 of 3rd period - Snap shot by Jack Hughes.
12:28 of 3rd period - Stopped by Mackenzie Blackwood with a rebound.
12:30 of 3rd period - Slapshot by Jonathan Racine.
12:30 of 3rd period - Goal by Jonathan Racine - Icehogs : 3 - Eagles : 5.
12:31 of 3rd period - Dillon Dube wins face-off versus Jared McCann in neutral zone.
12:34 of 3rd period - Slapshot by Julius Honka.
12:34 of 3rd period - Deflect By Nikita Scherbak.
12:34 of 3rd period - Stopped by Adin Hill without a rebound.
12:35 of 3rd period - Jared McCann wins face-off versus Dillon Dube in Eagles zone.
13:24 of 3rd period - Snap shot by Sam Steel.
13:24 of 3rd period - Stopped by Mackenzie Blackwood with a rebound.
13:26 of 3rd period - Snap shot by Sam Steel.
13:26 of 3rd period - Shot Misses the Net.
13:28 of 3rd period - Wrist shot by Matthew Phillips.
13:28 of 3rd period - Stopped by Mackenzie Blackwood without a rebound.
13:29 of 3rd period - Dillon Dube wins face-off versus Jared McCann in Icehogs zone.
13:42 of 3rd period - Wrist shot by Calle Andersson.
13:42 of 3rd period - Shot Misses the Net.
13:44 of 3rd period - Slapshot by Jeremy Davies.
13:44 of 3rd period - Stopped by Adin Hill with a rebound.
14:09 of 3rd period - Snap shot by Andrew Poturalski.
14:09 of 3rd period - Shot Misses the Net.
14:11 of 3rd period - Slapshot by Declan Chisholm.
14:11 of 3rd period - Shot Blocked by Keaton Middleton.
14:13 of 3rd period - Snap shot by JJ. Piccinich.
14:13 of 3rd period - Shot Misses the Net.
14:15 of 3rd period - Slapshot by Declan Chisholm.
14:15 of 3rd period - Deflect By Gabriel Fortier.
14:15 of 3rd period - Deflect By Michael Carcone.
14:15 of 3rd period - Stopped by Adin Hill without a rebound.
14:16 of 3rd period - Trevor Zegras wins face-off versus Jared McCann in Eagles zone.
14:19 of 3rd period - Snap shot by Hudson Fasching.
14:19 of 3rd period - Stopped by Adin Hill with a rebound.
14:21 of 3rd period - Snap shot by Hudson Fasching.
14:21 of 3rd period - Deflect By Trevor Zegras.
14:21 of 3rd period - Shot Blocked by Tyler Motte.
14:21 of 3rd period - Puck is out of play.
14:22 of 3rd period - Trevor Zegras wins face-off versus Jared McCann in Eagles zone.
14:27 of 3rd period - Slapshot by Hudson Fasching.
14:27 of 3rd period - Deflect By Jack Dougherty.
14:27 of 3rd period - Shot Blocked by Jack Dougherty.
14:27 of 3rd period - Puck is out of play.
14:28 of 3rd period - Trevor Zegras wins face-off versus Matteson Iacopelli in Eagles zone.
15:16 of 3rd period - Wrist shot by Matthew Phillips.
15:16 of 3rd period - Shot Misses the Net.
15:32 of 3rd period - Trevor Zegras is hit by Matteson Iacopelli and loses puck.
15:46 of 3rd period - Icing by Jared McCann.
15:47 of 3rd period - Jared McCann wins face-off versus Ross Johnston in Eagles zone.
16:37 of 3rd period - Icing by Jeremy Davies.
16:38 of 3rd period - JJ. Piccinich wins face-off versus Jared McCann in Icehogs zone.
16:43 of 3rd period - Slapshot by Jared McCann.
16:43 of 3rd period - Stopped by Mackenzie Blackwood without a rebound.
16:44 of 3rd period - Sam Steel wins face-off versus Trevor Zegras in Icehogs zone.
17:28 of 3rd period - Icing by Patrick Sieloff.
17:29 of 3rd period - Dillon Dube wins face-off versus Jack Hughes in Icehogs zone.
17:42 of 3rd period - Julius Honka is hit by Gabriel Vilardi and loses puck.
18:17 of 3rd period - Snap shot by Jeremy Davies.
18:17 of 3rd period - Stopped by Adin Hill with a rebound.
18:19 of 3rd period - Wrist shot by Andrew Poturalski.
18:19 of 3rd period - Shot Misses the Net.
18:56 of 3rd period - Tyler Motte is hit by Ross Johnston and loses puck.
19:20 of 3rd period - Snap shot by Pius Suter.
19:20 of 3rd period - Stopped by Mackenzie Blackwood with a rebound.
Goals for this period are 0 for Icehogs vs 3 for Eagles.
Shots for this period are 9 for Icehogs vs 12 for Eagles.